[Event "42nd Olympiad Baku 2016 Women"]
[Site "Baku"]
[Date "2016.09.02"]
[Round "1.17"]
[White "Baklanova, Tatiana"]
[Black "Javakhishvili, Lela"]
[Result "0-1"]
[ECO "E48"]
[WhiteElo "2200"]
[BlackElo "2486"]
[PlyCount "92"]
[EventDate "2016.??.??"]
[EventCountry "AZE"]
[WhiteTeam "Ukraine"]
[BlackTeam "Georgien"]
[WhiteTeamCountry "UKR"]
[BlackTeamCountry "GEO"]
[TimeControl "40/5400+30:1800+30"]
[WhiteClock "0:26:20"]
[BlackClock "0:44:40"]

1. d4 {(00:00} Nf6 {(00:00} 2. c4 {(00:00} e6 {(
00:00} 3. Nc3 {(00:00} Bb4 {(00:00} 4. e3 {(00:00} O-O
{(00:17} 5. Bd3 {(00:19} d5 {(00:09} 6. cxd5 {(
01:03} exd5 {(00:53} 7. Nge2 {(00:50} Re8 {(04:47} 8.
f3 {(03:10} c5 {(08:52} 9. a3 {(00:58} cxd4 {(
02:32} 10. axb4 {(03:41} dxc3 {(00:08} 11. bxc3 {(00:
06} Nc6 {(00:19} 12. O-O {(04:34} Ne5 {(00:55} 13. Bb5
{(33:26} Bd7 {(01:02} 14. Bxd7 {(11:09} Qxd7 {(
00:10} 15. Qd4 {(00:05} a6 {(05:48} 16. Rd1 {(02:19}
Qc7 {(08:23} 17. Qf4 {(13:18} Rac8 {(02:13} 18. Rd4 {
(06:41} Qb6 {(03:01} 19. Kf1 {(03:10} Nc4 {(11:
39} 20. g4 {(08:11} h6 {(06:55} 21. h4 {(00:11} Qb5 {
(02:28} 22. Ra2 {(01:43} Rc6 {(03:10} 23. Kf2 {(
02:47} Rce6 {(04:57} 24. Rxc4 {(00:56} Qxc4 {(02:13}
25. Qxc4 {(00:52} dxc4 {(00:02} 26. e4 {(00:25} Nd7 {
(04:59} 27. h5 {(00:55} Ne5 {(00:21} 28. Be3 {(
00:33} Rf6 {(02:56} 29. Nd4 {(01:07} Nxg4+ {(00:28}
30. Ke2 {(00:02} Nxe3 {(01:06} 31. Kxe3 {(00:01} Re5 {
(00:37} 32. Rh2 {(00:02} Rg5 {(01:14} 33. Ne2 {(
01:08} Rd6 {(01:49} 34. Nd4 {(00:42} Rg1 {(02:05} 35.
e5 {(00:40} Re1+ {(01:10} 36. Re2 {(01:14} Rxe2+ {
(00:10} 37. Kxe2 {(00:01} Rd5 {(00:57} 38. f4 {(
00:04} f6 {(00:50} 39. Nf5 {(01:44} Kf8 {(04:29} 40.
Ne3 {(00:00} Rd3 {(00:00} 41. Nxc4 {(01:01} Rxc3 {
(01:30} 42. Ne3 {(02:05} fxe5 {(00:28} 43. fxe5 {
(00:02} Kf7 {(01:01} 44. Nf5 {(02:35} Ke6 {(00:
51} 45. Nd6 {(01:59} b6 {(00:15} 46. Kd2 {(00:51} Rb3
{(00:11} 0-1

[Event "42nd Olympiad Baku 2016 Women"]
[Site "Baku"]
[Date "2016.09.02"]
[Round "1.5"]
[White "Baptista, Ana Filipa"]
[Black "Muzychuk, Mariya"]
[Result "0-1"]
[ECO "B40"]
[WhiteElo "2125"]
[BlackElo "2539"]
[PlyCount "62"]
[EventDate "2016.??.??"]
[EventCountry "AZE"]
[WhiteTeam "Portugal"]
[BlackTeam "Ukraine"]
[WhiteTeamCountry "POR"]
[BlackTeamCountry "UKR"]
[TimeControl "40/5400+30:1800+30"]
[WhiteClock "0:16:07"]
[BlackClock "1:03:46"]

1. e4 {(00:00} c5 {(00:00} 2. Nf3 {(00:00} e6 {(
00:05} 3. d4 {(00:07} cxd4 {(00:05} 4. Nxd4 {(00:11}
Nf6 {(00:16} 5. Nc3 {(00:21} Nc6 {(00:17} 6. Be3 {
(01:12} Bb4 {(00:29} 7. Bd3 {(01:07} e5 {(00:19]
} 8. Nf5 {(02:47} O-O 9. O-O {(01:45} Bxc3 {(08:37} 10.
bxc3 {(00:21} d5 {(00:09} 11. exd5 {(09:51} Qxd5 {
(00:48} 12. c4 {(06:27} Qe6 {(01:15} 13. Bc5 {(
07:25} Rd8 {(06:50} 14. f3 {(08:58} Qxf5 {(06:07} 15.
Bxf5 {(08:44} Rxd1 {(00:06} 16. Bxh7+ {(02:50} Kxh7 {
(00:04} 17. Rfxd1 {(03:12} Be6 {(00:09} 18. Rd6 {
(03:50} Bxc4 {(01:46} 19. Rb1 {(02:54} Rc8 {(00:
30} 20. a3 {(03:56} b6 {(01:31} 21. Bf2 {(02:09} Nd5 {
(03:22} 22. Re1 {(02:03} Nc3 {(00:27} 23. Rd7 {(
01:16} Be6 {(01:55} 24. Rd3 {(01:14} Nd5 {(00:21} 25.
Bg3 {(03:21} f6 {(01:16} 26. c4 {(07:11} Nde7 {(
01:04} 27. Re4 {(01:18} Bf5 {(01:36} 28. Rh4+ {(01:17}
Kg8 {(00:06} 29. Rd6 {(01:10} Na5 {(00:41} 30. Be1 {
(01:36} Nxc4 {(00:24} 31. Rd1 {(00:50} Ng6 {(01:
09} 0-1

[Event "42nd Olympiad Baku 2016 Women"]
[Site "Baku"]
[Date "2016.09.02"]
[Round "1.23"]
[White "Barria Baker, Raisa Melissa"]
[Black "Gutmakher, Olga"]
[Result "0-1"]
[ECO "D40"]
[WhiteElo "1961"]
[BlackElo "2216"]
[PlyCount "118"]
[EventDate "2016.??.??"]
[EventCountry "AZE"]
[WhiteTeam "Panama"]
[BlackTeam "Israel"]
[WhiteTeamCountry "PAN"]
[BlackTeamCountry "ISR"]
[TimeControl "40/5400+30:1800+30"]
[WhiteClock "0:03:34"]
[BlackClock "0:03:38"]

1. d4 {(00:00} d5 {(00:00} 2. c4 {(00:05} e6 {(
01:04} 3. Nf3 {(01:21} Nf6 {(00:35} 4. Nc3 {(00:49} c5
{(00:40} 5. e3 {(03:28} a6 {(01:17} 6. cxd5 {(
06:18} exd5 {(00:13} 7. dxc5 {(09:31} Bxc5 {(00:11} 8.
Bd3 {(00:06} O-O {(00:44} 9. h3 {(02:47} Nc6 {(
05:19} 10. O-O {(02:50} Re8 {(01:11} 11. a3 {(05:08}
Qd6 {(02:57} 12. Bc2 {(07:05} Ne5 {(12:11} 13. Nd4 {
(09:03} Ba7 {(07:32} 14. b3 {(05:13} Bd7 {(05:
51} 15. Bb2 {(02:23} Bb8 {(05:21} 16. f4 {(03:15} Nc6
{(05:18} 17. Rf3 {(03:00} Rxe3 {(25:01} 18. Rxe3 {
(23:38} Qxf4 {(00:25} 19. Nxd5 {(01:03} Nxd5 {(
07:40} 20. Rf3 {(03:13} Qh2+ {(07:21} 21. Kf2 {(01:54}
Nf4 {(03:41} 22. Nxc6 {(05:07} Qxg2+ {(00:20} 23. Ke1 {
(01:52} bxc6 {(01:50} 24. Bd4 {(01:11} Bc7 {(02:
13} 25. Re3 {(00:15} Bxh3 {(02:27} 26. Ra2 {(01:06}
Qf1+ {(00:33} 27. Kd2 {(00:09} Rd8 {(00:40} 28. Kc1 {
(01:14} Qxd1+ {(00:32} 29. Bxd1 {(00:04} Be6 {(
00:26} 30. Rd2 {(01:05} Nd5 {(00:20} 31. Re4 {(00:35}
Rc8 {(01:04} 32. Rg2 {(00:22} g6 {(00:24} 33. Bc2 {
(00:17} Bf4+ {(00:22} 34. Kb1 {(00:47} c5 {(00:
21} 35. Bb2 {(00:16} Bh6 {(00:40} 36. Ra4 {(00:41} Ne3
{(00:35} 37. Rh2 {(00:42} Bg7 {(00:14} 38. Bxg7 {
(00:20} Kxg7 {(00:04} 39. Re2 {(00:37} Nd5 {(00:
35} 40. Kb2 {(00:00} Rc6 {(00:00} 41. Rf2 {(01:47} Nb6
{(03:11} 42. Ra5 {(01:34} c4 {(02:56} 43. Rxa6 {
(01:45} cxb3 {(01:13} 44. Bxb3 {(00:07} Nc4+ {(
03:41} 45. Bxc4 {(00:23} Rxc4 {(00:07} 46. Ra7 {(03:46]
} h5 {(01:07} 47. Re2 {(00:19} Rc6 {(00:48} 48. Rh2 {
(02:25} Kh6 {(03:48} 49. Rb7 {(02:30} f5 {(02:
39} 50. a4 {(02:12} Bd5 {(04:39} 51. Rb5 {(04:46} Be4
{(02:58} 52. a5 {(01:36} Kg5 {(01:43} 53. Re2 {(
02:48} Rc4 {(04:34} 54. Kb3 {(02:34} Rd4 {(00:56} 55.
Kc3 {(02:45} Ra4 {(00:32} 56. Kb3 {(02:26} Rd4 {
(00:11} 57. Kc3 {(00:12} Rd3+ {(01:16} 58. Kc4 {
(01:13} Kf4 {(00:43} 59. a6 {(01:58} Ra3 {(00:
38} 0-1

[Event "42nd Olympiad Baku 2016 Women"]
[Site "Baku"]
[Date "2016.09.02"]
[Round "1.19"]
[White "Bashaer, Khalil"]
[Black "Longson, Sarah N"]
[Result "0-1"]
[ECO "C24"]
[WhiteElo "1584"]
[BlackElo "2103"]
[PlyCount "62"]
[EventDate "2016.??.??"]
[EventCountry "AZE"]
[WhiteTeam "Vereinigte Arabische Emirate"]
[BlackTeam "England"]
[WhiteTeamCountry "UAE"]
[BlackTeamCountry "ENG"]
[TimeControl "40/5400+30:1800+30"]
[WhiteClock "0:00:35"]
[BlackClock "0:25:53"]

1. e4 {(00:00} e5 {(00:00} 2. Bc4 {(00:00} Nf6 {
(00:31} 3. d3 {(00:00} c6 {(00:55} 4. Nf3 {(02:
36} Be7 {(00:11} 5. Nc3 {(00:51} O-O {(05:42} 6. O-O {
(18:13} d6 {(04:04} 7. h3 {(07:24} Nbd7 {(03:58]
} 8. Re1 {(05:51} h6 {(03:09} 9. Bd2 {(07:45} Re8 {
(00:37} 10. a3 {(09:36} Nf8 {(00:37} 11. Be3 {(
05:57} Ng6 {(10:18} 12. d4 {(04:21} Nxe4 {(06:10} 13.
Nxe4 {(17:18} d5 {(00:08} 14. Bxd5 {(00:39} cxd5 {
(00:25} 15. Nc3 {(01:43} e4 {(02:10} 16. Ne5 {(
03:43} Be6 {(05:54} 17. Nxg6 {(03:07} fxg6 {(00:05}
18. Rf1 {(00:58} Bd6 {(01:17} 19. Qe1 {(07:13} Qd7 {
(10:35} 20. f3 {(01:58} Bc7 {(09:59} 21. Qh4 {(
00:32} Qd6 {(03:52} 22. f4 {(00:35} Bd8 {(00:50} 23.
Qg3 {(00:31} Kh7 {(00:36} 24. Rae1 {(00:34} Bf6 {
(00:38} 25. Qf2 {(00:30} Rac8 {(00:56} 26. Qd2 {
(00:25} Red8 {(02:52} 27. Kh1 {(00:30} Rc4 {(01:
23} 28. b3 {(00:32} Rc6 {(00:21} 29. Nb5 {(00:22} Qd7
{(00:51} 30. Nxa7 {(00:18} Ra6 {(00:14} 31. c4 {
(00:53} Rxa7 {(00:19} 0-1

[Event "42nd Olympiad Baku 2016 Women"]
[Site "Baku"]
[Date "2016.09.02"]
[Round "1.17"]
[White "Batchimeg, Tuvshintugs"]
[Black "Nazarova, Anastasia"]
[Result "1-0"]
[ECO "A45"]
[WhiteElo "2391"]
[BlackElo "1897"]
[PlyCount "93"]
[EventDate "2016.??.??"]
[EventCountry "AZE"]
[WhiteTeam "Mongolei"]
[BlackTeam "Finnland"]
[WhiteTeamCountry "MGL"]
[BlackTeamCountry "FIN"]
[TimeControl "40/5400+30:1800+30"]
[WhiteClock "0:26:30"]
[BlackClock "0:30:15"]

1. d4 {(00:00} Nf6 {(00:00} 2. Bg5 {(01:20} d5 {
(04:20} 3. e3 {(02:13} e6 {(00:25} 4. Bd3 {(00:
37} Be7 {(00:09} 5. Nd2 {(01:12} h6 {(01:23} 6. Bf4 {
(01:58} b6 {(04:40} 7. Qf3 {(04:48} Bb7 {(06:10]
} 8. c3 {(07:43} Nbd7 {(05:40} 9. h4 {(01:17} Qc8 {
(11:49} 10. g4 {(09:18} c5 {(14:49} 11. g5 {(04:
09} Ng8 {(06:59} 12. Ne2 {(15:10} c4 {(02:24} 13. Bc2
{(01:15} Qc6 {(03:03} 14. b3 {(08:24} b5 {(09:
44} 15. a4 {(02:00} cxb3 {(06:08} 16. Bxb3 {(05:58} a6
{(00:39} 17. O-O {(07:19} hxg5 {(01:59} 18. hxg5 {
(00:26} Bd6 {(03:52} 19. axb5 {(12:57} axb5 {(
00:10} 20. Rxa8+ {(00:23} Bxa8 {(00:10} 21. Ra1 {(00:
08} Bb7 {(01:58} 22. Ra7 {(00:46} Bxf4 {(00:35} 23.
Qxf4 {(02:28} Ne7 {(03:09} 24. Nf3 {(04:00} Ng6 {
(01:09} 25. Qg3 {(00:22} Qb6 {(03:10} 26. Ra1 {(
00:12} Ne7 {(02:01} 27. Bc2 {(00:31} Nc6 {(01:50} 28.
Nf4 {(00:37} Nd8 {(00:57} 29. Bd3 {(01:00} Bc6 {
(01:05} 30. Qg4 {(01:01} Qc7 {(01:43} 31. g6 {(
00:17} f5 {(01:12} 32. Qg5 {(02:02} Nf6 {(00:55} 33.
Ne5 {(00:43} Ne4 {(00:22} 34. Bxe4 {(00:22} fxe4 {
(00:55} 35. Ra6 {(03:29} Bb7 {(01:07} 36. Nxe6 {
(00:23} Qe7 {(00:39} 37. Rb6 {(00:55} Nxe6 {(00:
31} 38. Qxe7+ {(00:05} Kxe7 {(00:02} 39. Rxb7+ {(00:07]
} Kf6 {(00:25} 40. Rxb5 {(00:00} Rd8 {(00:00} 41. Kg2 {
(05:52} Nf8 {(01:52} 42. Rb6+ {(01:15} Kf5 {(00:
25} 43. Kg3 {(01:02} Rc8 {(00:42} 44. Rd6 {(00:16}
Rxc3 {(00:07} 45. Rxd5 {(00:08} Nxg6 {(01:17} 46. Nxg6+
{(00:28} Kxg6 {(00:04} 47. Re5 {(00:04} 1-0

[Event "42nd Olympiad Baku 2016 Women"]
[Site "Baku"]
[Date "2016.09.02"]
[Round "1.22"]
[White "Bejatovic, Bojana"]
[Black "Tania, Sachdev"]
[Result "0-1"]
[ECO "A46"]
[WhiteElo "2063"]
[BlackElo "2402"]
[PlyCount "74"]
[EventDate "2016.??.??"]
[EventCountry "AZE"]
[WhiteTeam "Mazedonien"]
[BlackTeam "Indien"]
[WhiteTeamCountry "MKD"]
[BlackTeamCountry "IND"]
[TimeControl "40/5400+30:1800+30"]
[WhiteClock "0:11:21"]
[BlackClock "0:07:58"]

1. d4 {(00:00} Nf6 {(00:00} 2. Nf3 {(00:00} e6 {
(00:00} 3. Bg5 {(00:02} h6 {(00:42} 4. Bxf6 {(
00:48} Qxf6 {(00:05} 5. e4 {(01:27} d6 {(00:31} 6.
Nbd2 {(01:36} Nd7 {(02:56} 7. Bd3 {(04:08} e5 {(
02:33} 8. c3 {(04:08} g6 {(00:27} 9. d5 {(04:09} Bg7 {
(01:51} 10. b4 {(04:30} Qe7 {(01:11} 11. O-O {(
08:20} O-O {(00:52} 12. Qc2 {(01:19} Nf6 {(10:40} 13.
Nc4 {(07:07} c6 {(02:22} 14. dxc6 {(05:25} bxc6 {
(00:10} 15. Rfd1 {(04:06} Nh5 {(11:55} 16. Bf1 {
(04:58} Rd8 {(01:59} 17. Ne3 {(02:08} Bb7 {(06:
52} 18. c4 {(01:45} Nf4 {(01:33} 19. Qb3 {(03:14} d5 {
(07:44} 20. cxd5 {(08:18} cxd5 {(00:08} 21. Nxd5 {
(01:03} Nxd5 {(00:32} 22. exd5 {(00:06} e4 {(00:
06} 23. d6 {(00:27} Rxd6 {(14:56} 24. Rxd6 {(00:14}
Bxa1 {(08:26} 25. Rd1 {(02:47} exf3 {(03:11} 26. Rxa1 {
(00:26} fxg2 {(00:17} 27. Bxg2 {(01:37} Bxg2 {(
00:14} 28. Kxg2 {(00:29} Rb8 {(00:10} 29. a3 {(00:51}
a5 {(02:43} 30. Rb1 {(00:47} Qe4+ {(02:10} 31. f3 {
(07:55} Qe2+ {(00:05} 32. Kh1 {(00:19} axb4 {(
05:35} 33. axb4 {(00:38} Rd8 {(01:26} 34. Qc3 {(04:48}
Rd3 {(05:12} 35. Qc8+ {(06:21} Kg7 {(00:40} 36. Qh3 {
(00:49} Rxf3 {(00:06} 37. Qg2 {(00:04} Rf2 {(00:
12} 0-1

[Event "42nd Olympiad Baku 2016 Women"]
[Site "Baku"]
[Date "2016.09.02"]
[Round "1.6"]
[White "Bekheet, Suhailah"]
[Black "Monroy G, Nataly A"]
[Result "0-1"]
[ECO "B20"]
[WhiteElo "1059"]
[BlackElo "2105"]
[PlyCount "68"]
[EventDate "2016.??.??"]
[EventCountry "AZE"]
[WhiteTeam "Kuwait"]
[BlackTeam "Bolivien"]
[WhiteTeamCountry "KUW"]
[BlackTeamCountry "BOL"]
[TimeControl "40/5400+30:1800+30"]
[WhiteClock "0:42:29"]
[BlackClock "1:10:41"]

1. e4 {(00:00} c5 {(00:00} 2. Bc4 {(01:22} Nc6 {
(00:43} 3. Nf3 {(00:58} g6 {(01:20} 4. O-O {(02:
34} Bg7 {(01:11} 5. Qe2 {(03:35} e6 {(09:08} 6. d3 {
(03:05} Nge7 {(01:21} 7. Nbd2 {(03:27} O-O {(00:
27} 8. Ng5 {(03:02} Nd4 {(03:19} 9. Qe3 {(03:12} h6 {
(01:08} 10. Ndf3 {(03:34} Nxc2 {(00:49} 11. Qf4 {
(01:47} d5 {(01:05} 12. Bb5 {(03:51} Nxa1 {(03:
17} 13. Qh4 {(04:00} Nc2 {(01:48} 14. e5 {(02:26} Nf5
{(01:31} 15. Qf4 {(02:41} Ncd4 {(00:58} 16. Nxd4 {
(03:46} Nxd4 {(00:23} 17. Qe3 {(01:21} hxg5 {(
00:40} 18. Qh3 {(01:37} Nxb5 {(00:36} 19. f4 {(01:22}
Nd4 {(00:26} 20. Rf2 {(01:13} f6 {(00:49} 21. Be3 {
(02:45} fxe5 {(00:31} 22. Bxd4 {(01:05} cxd4 {(
00:41} 23. g3 {(02:02} exf4 {(00:18} 24. gxf4 {(02:26}
e5 {(00:27} 25. Qg3 {(01:27} Rxf4 {(00:20} 26. Qg2 {
(00:27} Rg4 {(00:10} 27. h3 {(01:10} Rxg2+ {(00:
06} 28. Rxg2 {(00:46} Bxh3 {(00:09} 29. Re2 {(00:41}
Qc8 {(00:16} 30. Kf2 {(00:22} Qf5+ {(00:41} 31. Ke1 {
(00:34} Qf1+ {(00:18} 32. Kd2 {(00:28} Rc8 {(00:
08} 33. Rxe5 {(00:39} Bxe5 {(00:45} 34. b4 {(00:46}
Bf4# 0-1

[Event "42nd Olympiad Baku 2016 Women"]
[Site "Baku"]
[Date "2016.09.02"]
[Round "1.7"]
[White "Bengtsson, Jessica"]
[Black "Putri, Regita Desyari"]
[Result "1/2-1/2"]
[ECO "C77"]
[WhiteElo "2005"]
[BlackElo "1623"]
[PlyCount "101"]
[EventDate "2016.??.??"]
[EventCountry "AZE"]
[WhiteTeam "Schweden"]
[BlackTeam "Indonesien"]
[WhiteTeamCountry "SWE"]
[BlackTeamCountry "INA"]
[TimeControl "40/5400+30:1800+30"]
[WhiteClock "0:05:30"]
[BlackClock "0:14:01"]

1. e4 {(00:00} e5 {(00:00} 2. Nf3 {(00:00} Nc6 {
(00:33} 3. Bb5 {(00:11} a6 {(01:18} 4. Ba4 {(00:
38} Nf6 {(00:43} 5. d3 {(00:08} b5 {(04:14} 6. Bb3 {
(00:07} Be7 {(01:21} 7. O-O {(01:38} d6 {(04:02]
} 8. c3 {(00:25} O-O {(01:42} 9. a4 {(02:30} Rb8 {
(09:40} 10. axb5 {(01:14} axb5 {(00:14} 11. h3 {
(03:27} Be6 {(13:00} 12. Bc2 {(07:11} d5 {(12:
16} 13. Ng5 {(14:50} Bc8 {(09:02} 14. Nd2 {(05:22} h6
{(01:06} 15. Ngf3 {(01:00} Be6 {(04:22} 16. Re1 {
(05:28} dxe4 {(02:43} 17. dxe4 {(03:03} Ra8 {(
03:00} 18. Rxa8 {(01:00} Qxa8 {(00:06} 19. Qe2 {(01:37]
} Qb7 {(01:48} 20. Nh4 {(07:34} Nd7 {(09:04} 21. Nf5 {
(02:03} Bg5 {(00:53} 22. h4 {(05:33} Bf6 {(02:
50} 23. Qf3 {(10:28} Ne7 {(04:18} 24. Qg3 {(02:35} Kh8
{(01:19} 25. Nxe7 {(04:03} Bxe7 {(00:13} 26. Nf3 {
(00:20} Bf6 {(02:16} 27. h5 {(00:36} c5 {(01:44]
} 28. Nh4 {(00:42} c4 {(00:43} 29. Nf5 {(04:25} Bxf5 {
(02:26} 30. exf5 {(00:12} Nc5 {(00:54} 31. Rd1 {
(05:48} Qc7 {(03:32} 32. Qf3 {(02:15} Re8 {(01:
56} 33. Be4 {(04:52} Nxe4 {(01:28} 34. Qxe4 {(00:02}
Rd8 {(00:09} 35. Rd5 {(03:05} Rxd5 {(00:34} 36. Qxd5 {
(00:02} Qa5 {(00:10} 37. Kh2 {(03:15} Kg8 {(01:
19} 38. Be3 {(00:33} Qa4 {(00:34} 39. Qd2 {(00:37} Qa1
{(00:39} 40. Qc2 {(00:00} Be7 {(00:00} 41. Qc1 {
(05:57} Qa2 {(07:38} 42. Qd2 {(04:36} Bf6 {(03:
38} 43. Qd7 {(07:12} Qxb2 {(05:03} 44. Qe8+ {(00:14}
Kh7 {(00:07} 45. Qxf7 {(00:11} Qxc3 {(02:12} 46. Bxh6 {
(10:11} Qd4 {(03:07} 47. Qg6+ {(00:57} Kh8 {(00:
29} 48. Qe8+ {(00:51} Kh7 {(00:08} 49. Qg6+ {(00:24}
Kh8 {(00:09} 50. Qe8+ {(00:08} Kh7 {(00:17} 51. Qg6+
1/2-1/2

[Event "42nd Olympiad Baku 2016 Women"]
[Site "Baku"]
[Date "2016.09.02"]
[Round "1.11"]
[White "Berzina, Ilze"]
[Black "Dovchin, Bolortungalag"]
[Result "1-0"]
[ECO "B52"]
[WhiteElo "2241"]
[BlackElo "1544"]
[PlyCount "59"]
[EventDate "2016.??.??"]
[EventCountry "AZE"]
[WhiteTeam "Lettland"]
[BlackTeam "Korea"]
[WhiteTeamCountry "LAT"]
[BlackTeamCountry "KOR"]
[TimeControl "40/5400+30:1800+30"]
[WhiteClock "0:15:48"]
[BlackClock "0:01:09"]

1. e4 {(00:00} c5 {(00:00} 2. Nf3 {(00:00} d6 {(
00:25} 3. Bb5+ {(00:04} Bd7 {(00:35} 4. Bxd7+ {(00:20}
Qxd7 {(00:33} 5. O-O {(02:27} Nf6 {(02:58} 6. Qe2 {
(00:48} Nc6 {(05:24} 7. c3 {(00:28} e6 {(05:35}
8. d4 {(00:39} d5 {(11:11} 9. e5 {(08:00} Ne4 {(
05:18} 10. Rd1 {(00:42} f6 {(18:16} 11. Be3 {(20:42}
cxd4 {(07:48} 12. cxd4 {(00:15} Be7 {(03:59} 13. Nbd2 {
(11:32} Nxd2 {(00:40} 14. Bxd2 {(00:36} O-O {(
06:19} 15. exf6 {(03:44} Bxf6 {(00:30} 16. Bc3 {(01:31]
} Rfe8 {(03:15} 17. Rd3 {(01:06} b5 {(06:11} 18. Ne5 {
(11:51} Bxe5 {(03:26} 19. dxe5 {(00:16} b4 {(00:
24} 20. Bd2 {(00:34} a5 {(00:50} 21. Rh3 {(03:46} Nd4
{(07:31} 22. Qd3 {(01:11} Nf5 {(01:49} 23. g4 {(
01:42} Nh6 {(01:48} 24. Bxh6 {(00:16} gxh6 {(01:34}
25. Rxh6 {(01:18} Qg7 {(00:31} 26. Rh3 {(01:30} h5 {
(03:18} 27. Kh1 {(08:25} Qxe5 {(01:29} 28. Rxh5 {
(03:15} Qxb2 {(00:57} 29. Rg5+ {(01:54} Kf7 {(
00:47} 30. Qh7+ {(00:20} 1-0

[Event "42nd Olympiad Baku 2016 Women"]
[Site "Baku"]
[Date "2016.09.02"]
[Round "1.20"]
[White "Bhatia, Kanwal K"]
[Black "Wadima Humaid S H AlKalbani"]
[Result "1-0"]
[ECO "C55"]
[WhiteElo "2133"]
[BlackElo "1606"]
[PlyCount "49"]
[EventDate "2016.??.??"]
[EventCountry "AZE"]
[WhiteTeam "England"]
[BlackTeam "Vereinigte Arabische Emirate"]
[WhiteTeamCountry "ENG"]
[BlackTeamCountry "UAE"]
[TimeControl "40/5400+30:1800+30"]
[WhiteClock "0:31:56"]
[BlackClock "0:04:52"]

1. e4 {(00:00} e5 {(00:00} 2. Nf3 {(00:00} Nc6 {
(00:00} 3. Bc4 {(00:00} Nf6 {(00:00} 4. d3 {(00:
03} Be7 {(00:00} 5. a4 {(00:43} d6 {(00:07} 6. c3 {
(00:55} O-O {(01:44} 7. O-O {(00:34} Kh8 {(10:
24} 8. Re1 {(05:32} Ng8 {(00:15} 9. d4 {(12:29} f5 {
(05:07} 10. dxe5 {(06:49} fxe4 {(00:26} 11. Rxe4 {
(02:37} Bf5 {(02:09} 12. Re1 {(07:57} Bg4 {(13:
28} 13. Be2 {(04:33} Bxf3 {(23:38} 14. Bxf3 {(00:20}
Nxe5 {(00:06} 15. Bxb7 {(01:34} Rb8 {(00:04} 16. Be4 {
(01:27} Nf6 {(03:38} 17. Bc2 {(02:27} Nfg4 {(00:
26} 18. f3 {(01:13} Bh4 {(02:45} 19. fxg4 {(07:40}
Bf2+ {(00:48} 20. Kh1 {(00:08} Qh4 {(25:41} 21. Rxe5 {
(03:53} dxe5 {(00:07} 22. Nd2 {(03:54} Rbd8 {(
02:18} 23. Qe2 {(04:06} Bg3 {(00:25} 24. Nf3 {(01:10}
Rxf3 {(03:32} 25. gxf3 1-0

[Event "42nd Olympiad Baku 2016 Women"]
[Site "Baku"]
[Date "2016.09.02"]
[Round "1.17"]
[White "Blackman, Katrina"]
[Black "Sahl, Sheila Barth"]
[Result "0-1"]
[ECO "B53"]
[WhiteElo "1642"]
[BlackElo "2181"]
[PlyCount "62"]
[EventDate "2016.??.??"]
[EventCountry "AZE"]
[WhiteTeam "Barbados"]
[BlackTeam "Norwegen"]
[WhiteTeamCountry "BAR"]
[BlackTeamCountry "NOR"]
[TimeControl "40/5400+30:1800+30"]
[WhiteClock "0:00:48"]
[BlackClock "0:09:59"]

1. e4 {(00:00} c5 {(00:00} 2. Nf3 {(00:00} d6 {(
00:00} 3. d4 {(00:07} cxd4 {(00:00} 4. Qxd4 {(00:03}
Nc6 {(01:41} 5. Bb5 {(00:32} Bd7 {(00:57} 6. Qe3 {
(00:56} Nf6 {(05:07} 7. h3 {(03:48} e5 {(04:48}
8. c4 Be7 {(02:26} 9. Nc3 {(09:04} a6 {(04:33} 10. Bxc6
{(01:20} Bxc6 {(00:35} 11. O-O {(00:22} b5 {(02:
13} 12. Rd1 {(07:41} Qc7 {(15:04} 13. cxb5 {(07:06}
axb5 {(00:04} 14. b4 {(00:45} Qb7 {(01:51} 15. Nd2 {
(06:39} O-O {(00:57} 16. Bb2 {(01:26} Bd8 {(03:
26} 17. Qd3 {(24:33} Bc7 {(11:24} 18. Rac1 {(05:05}
Rfc8 {(05:26} 19. Re1 {(05:37} Bb6 {(02:51} 20. Nf3 {
(02:36} Rd8 {(01:53} 21. Rcd1 {(04:01} Nh5 {(15:
02} 22. Nd5 {(09:30} Bxd5 {(06:12} 23. Qxd5 {(00:21}
Qxd5 {(01:14} 24. Rxd5 {(00:06} Rxa2 {(01:35} 25. Rb1 {
(02:58} Nf4 {(02:13} 26. Rxb5 {(00:21} Rb8 {(00:
43} 27. Kh1 {(01:56} Nd3 {(00:11} 28. Ra1 {(06:22}
Rxa1+ {(02:13} 29. Bxa1 {(00:02} Nxf2+ {(00:08} 30. Kh2
{(00:06} Nxe4 {(00:14} 31. Nxe5 {(01:19} Bg1+ 0-1

[Event "42nd Olympiad Baku 2016 Women"]
[Site "Baku"]
[Date "2016.09.02"]
[Round "1.8"]
[White "Blagojevic, Lidija"]
[Black "Ben Said, Safa"]
[Result "1-0"]
[ECO "C00"]
[WhiteElo "1957"]
[BlackElo "1563"]
[PlyCount "95"]
[EventDate "2016.??.??"]
[EventCountry "AZE"]
[WhiteTeam "Montenegro"]
[BlackTeam "Tunesien"]
[WhiteTeamCountry "MNE"]
[BlackTeamCountry "TUN"]
[TimeControl "40/5400+30:1800+30"]
[WhiteClock "0:36:36"]
[BlackClock "0:28:07"]

1. e4 {(00:00} e6 {(00:00} 2. b3 {(00:00} d5 {(
00:36} 3. Bb2 {(00:01} Nf6 {(01:21} 4. Nc3 {(03:05} c5
{(05:40} 5. Bb5+ {(16:49} Nc6 {(05:15} 6. Bxc6+ {
(15:26} bxc6 {(00:40} 7. e5 {(00:13} Nd7 {(06:
38} 8. Qe2 {(07:48} Qa5 {(05:17} 9. Na4 {(08:25} Ba6 {
(06:40} 10. Qg4 {(01:30} c4 {(10:36} 11. Nf3 {(
05:14} Rb8 {(19:07} 12. Bc3 {(08:22} Qc7 {(04:31} 13.
bxc4 {(02:52} Bxc4 {(05:38} 14. d3 {(06:35} Bxa2 {
(03:04} 15. O-O {(00:17} d4 {(01:01} 16. Bxd4 {(
07:25} Bd5 {(00:56} 17. Rfe1 {(00:34} Bxf3 {(10:04}
18. Qxf3 {(00:06} c5 {(01:26} 19. Bc3 {(00:34} g6 {
(01:42} 20. Qe4 {(03:09} Bg7 {(01:49} 21. h4 {(
02:22} Nb6 {(04:35} 22. Nxb6 {(00:19} axb6 {(00:33}
23. Ra6 {(00:48} Qb7 {(01:14} 24. Qxb7 {(00:02} Rxb7 {
(00:21} 25. Rb1 {(01:19} b5 {(01:46} 26. Rc6 {(
00:17} Bf8 {(00:47} 27. Rc8+ {(03:56} Kd7 {(00:28} 28.
Ra8 {(00:13} Bg7 {(00:46} 29. Rba1 {(00:35} Rxa8 {
(01:21} 30. Rxa8 {(00:01} Ke7 {(00:33} 31. Rc8 {
(00:23} b4 {(00:21} 32. Bb2 {(01:20} b3 {(00:39]
} 33. Rxc5 {(00:21} bxc2 {(00:17} 34. Rxc2 {(00:06}
Rxb2 {(00:35} 35. Rxb2 {(00:10} Bxe5 {(00:07} 36. Rb7+
{(00:11} Kf6 {(00:12} 37. Kf1 {(00:37} h6 {(01:
09} 38. Ke2 {(00:24} g5 {(00:41} 39. h5 {(00:53} Bd4 {
(00:28} 40. Kf3 {(00:00} e5 {(00:00} 41. Rc7 {(
00:48} Kg7 {(01:44} 42. Ke2 {(02:19} Bb6 {(01:36} 43.
Rc2 {(00:33} Bd4 {(00:12} 44. Kf3 {(00:01} f5 {(
01:25} 45. g4 {(00:37} fxg4+ {(00:55} 46. Kxg4 {(00:05]
} Kf6 {(00:20} 47. Rc6+ {(00:11} Kg7 {(00:17} 48. f3 {
(00:08} 1-0